 Dungeon Crawl Stone Soup version 0.31-a0-1589-g8f5e8aebd6 (webtiles) character file.

Game seed: 14920986659685922199

23 Laraso the Sneak (level 2, -1/25 HPs)
             Began as an Armataur Delver on Jan 5, 2024.
             Was an Initiate of Ashenzari.
             Slain by a ribbon worm (3 damage)
             ... on level 2 of the Dungeon.
             The game lasted 00:01:56 (364 turns).

Laraso the Sneak (Armataur Delver)                   Turns: 364, Time: 00:01:56

Health: -1/25      AC:  5    Str: 17    XL:     2   Next: 72%
Magic:  2/2        EV:  7    Int: 10    God:    Ashenzari [......]
Gold:   40         SH:  7    Dex: 11    Spells: 1/1 levels left

rFire   . . .        a - +0 mace
rCold   . . .        k - +0 kite shield
rNeg    . . .        b - +0 leather armour
rPois   .            (no helmet)
rElec   .            (no cloak)
rCorr   .            j - +0 pair of gloves
SInv    .            (no barding)
Will    .....        (no amulet)
Stlth   +++          (no ring)
HPRegen 0.24/turn    (no ring)
MPRegen 0.08/turn

%: roll
@: no status effects
A: large, deformed body, tough skin 3, armoured tail, roll 1
a: Renounce Religion


You were on level 2 of the Dungeon.
You worshipped Ashenzari.
Ashenzari was noncommittal.
You visited 1 branch of the dungeon, and saw 4 of its levels.

You collected 40 gold pieces.

Inventory:

Hand Weapons
 a - a +0 mace (weapon)
Armour
 b - a +0 leather armour (worn)
 j - a +0 pair of gloves (worn)
 k - a +0 kite shield (worn)
 n - a +0 plate armour
Wands
 g - a wand of digging (3)
 h - a wand of polymorph (7)
Scrolls
 c - a scroll of fog
 d - a scroll of revelation
 e - a scroll of fear
 m - a scroll of blinking {unknown}
Potions
 f - a potion of haste
 i - a potion of might {unknown}
 l - a potion of attraction {unknown}


   Skills:
 - Level 2.6 Fighting
 * Level 3.0 Maces & Flails
 - Level 1.3 Dodging
 - Level 5.4 Stealth


You had one spell level left.
You didn't know any spells.
Your spell library was empty.

Dungeon Overview and Level Annotations

Branches:
Dungeon (5/15)
 Temple: D:4-7

Altars:
Ashenzari


Innate Abilities, Weirdness & Mutations

Armour fits poorly on your strangely shaped body.
You have extremely tough skin. (AC +3)
You have a long armoured tail.
You regenerate magic when rolling toward enemies. (Rampage MPRegen)


Message History

A bat comes into view.
A ribbon worm comes into view.
You roll towards the ribbon worm!
You hit the ribbon worm but do no damage.
The ribbon worm bites you!
You barely miss the ribbon worm. The ribbon worm bites you.
You hit the ribbon worm.
The ribbon worm is lightly wounded.
The ribbon worm expels a string of sticky webbing.
The stream of webbing hits you but does no damage.
You are caught in a web!
You are caught in a web!
The web tears apart.
The ribbon worm closely misses you.
You hit the ribbon worm but do no damage.
The ribbon worm bites you.
You sock the ribbon worm!
The ribbon worm is moderately wounded.
The ribbon worm expels a string of sticky webbing.
The stream of webbing hits you but does no damage.
You are caught in a web!
The web tears apart.
The ribbon worm expels a string of sticky webbing.
The stream of webbing misses you.
You hit the ribbon worm.
The ribbon worm is moderately wounded.
The ribbon worm expels a string of sticky webbing.
The stream of webbing hits you but does no damage.
You are caught in a web!
The web tears apart.
The ribbon worm bites you.
You barely miss the ribbon worm.
The ribbon worm is moderately wounded.
The ribbon worm bites you!
* * * LOW HITPOINT WARNING * * *
Unknown command.
The ribbon worm attacks as it pursues you!
The ribbon worm bites you.
* * * LOW HITPOINT WARNING * * *
The ribbon worm attacks as it pursues you!
The ribbon worm bites you.
You die...

#.#
#.####.# ##
#.#..... ..
#.#.##.##..
#.#.##.#...
#.#.##..#
#......#
###.##.#
#..@w##
#####.#
##...# ...#
...# ...#
...# ....
.....


You could see a ribbon worm.

Vanquished Creatures
  2 adders
  An orc (D:4)
  A hobgoblin (D:4)
  A kobold (D:4)
5 creatures vanquished.

Notes
Turn   | Place    | Note
-------+----------+-------------------------------------------
     0 | D:5      | Laraso the Armataur Delver began the quest for the Orb.
     0 | D:5      | Reached XP level 1. HP: 18/18 MP: 1/1
    45 | D:4      | Found a broken altar of Ashenzari.
   126 | D:4      | Became a worshipper of Ashenzari the Shackled
   160 | D:4      | Reached XP level 2. HP: 17/25 MP: 2/2
   364 | D:2      | Slain by a ribbon worm

Illustrated notes

Levels and vault maps discovered:
D:2:      layout_loops_cross, minmay_snake_closets, uniq_terence, uniq_robin
D:3:      layout_loops_ring, yredelemnul_forgotten_temple_becter,
          minmay_misc_feat_cross
D:4:      layout_basic, cheibrodos_ashenzari_chains, serial_bayou,
          serial_bayou_shore_b, serial_bayou_shore_b, serial_bayou_lake_a,
          serial_bayou_lagoon_a
D:5:      layout_gridville, mainiacjoe_overflow_alcove_2, ebering_ghost_sewer_d,
          hangedman_decor_growths, minmay_manual_maat, uniq_prince_ribbit1

Skill      XL: |  1  2 |
---------------+-------+-----
Maces & Flails | 2 3 |  3.0
Fighting       | |  2.6
Dodging        | |  1.3
Stealth        | |  5.4

Action                     || total
---------------------------++-------
  Melee: Mace              ||    34
         Tailslap          ||     4
    Use: Scroll            ||     1
   Stab: Distracted        ||     1
 Armour: Leather armour    ||    24
  Dodge: Dodged            ||    14
  Block: Kite shield       ||     6

Table legend: (Time is in decaauts)
 A = Elapsed time spent in this place.
 B = Non-inter-level travel time spent in this place.
 C = Inter-level travel time spent in this place.
 D = Time resting spent in this place.
 E = Time spent auto-exploring this place.
 F = Levels seen in this place.
 G = Mean time per level.
                   A        B        C        D        E       F      G
               +--------+--------+--------+--------+--------+-----+--------+
         Total |    375 |    375 |      0 |     52 |      0 |   4 |   93.8 |
       Dungeon |    375 |    375 |      0 |     52 |      0 |   4 |   93.8 |
               +--------+--------+--------+--------+--------+-----+--------+

Top non-repeatable levels by time:
     D:4: 194 daAuts
     D:3: 113 daAuts
     D:2: 38 daAuts
     D:5: 29 daAuts
